 Dungeon Crawl Stone Soup version 0.29.1-15-g9cfb28693d (webtiles) character file.

Game seed: 16880440276458127794

4642 Gumption the Cleaver (level 10, -5/90 HPs)
             Began as a Minotaur Fighter on Feb 28, 2023.
             Was a Believer of Makhleb.
             Slain by a two-headed ogre
             ... wielding a +0 giant club
              (6 damage)
             ... on level 9 of the Dungeon on Mar 1, 2023.
             The game lasted 00:53:12 (8486 turns).

Gumption the Cleaver (Minotaur Fighter)             Turns: 8486, Time: 00:53:13

Health: -5/90      AC: 21    Str: 25    XL:     10   Next: 20%
Magic:  0/9        EV:  7    Int:  5    God:    Makhleb [**....]
Gold:   454        SH:  6    Dex: 10    Spells: 9/9 levels left

rFire   . . .      SeeInvis .   a - +0 war axe
rCold   . . .      Faith    .   c - +0 buckler
rNeg    . . .      Spirit   +   y - +0 plate armour
rPois   .          Reflect  .   (helmet restricted)
rElec   .          Harm     .   A - +2 cloak
rCorr   .          Rampage  .   x - +1 pair of gloves
Will    .....                   E - +0 pair of boots
Stlth   ..........              M - amulet of guardian spirit
HPRegen 0.25/turn               (no ring)
MPRegen 0.11/turn               (no ring)

@: studying Shields
A: horns 2, retaliatory headbutt
a: Renounce Religion, Minor Destruction


You were on level 9 of the Dungeon.
You worshipped Makhleb.
Makhleb was pleased with you.
You visited 1 branch of the dungeon, and saw 9 of its levels.

You collected 454 gold pieces.

Inventory:

Hand Weapons
 a - a +0 war axe (weapon)
 b - a +3 trident
Missiles
 e - 8 boomerangs (quivered)
 f - 4 javelins
Armour
 c - a +0 buckler (worn)
 h - a +0 chain mail
 x - a +1 pair of gloves (worn)
 y - a +0 plate armour (worn)
 A - a +2 cloak (worn)
 E - a +0 pair of boots (worn)
Jewellery
 M - an amulet of guardian spirit (around neck)
Wands
 o - a wand of polymorph (11)
 t - a wand of charming (9)
 C - a wand of digging (5)
Scrolls
 k - 3 scrolls of teleportation
 l - a scroll of blinking
 r - a scroll of identify
 s - a scroll of silence {unknown}
 u - a scroll of magic mapping {unknown}
 w - a scroll of fog {unknown}
 B - a scroll of acquirement {unknown}
 D - a scroll of summoning {unknown}
 K - 2 scrolls of enchant armour
 L - a scroll of immolation {unknown}
 N - a scroll of fear {unknown}
Potions
 d - 2 potions of might
 g - 4 potions of flight
 i - a potion of magic {unknown}
 j - 3 potions of haste
 m - a potion of degeneration {unknown}
 n - 4 potions of mutation
 p - 4 potions of curing
 q - 2 potions of brilliance {unknown}
 v - 3 potions of lignification
 z - a potion of heal wounds {unknown}
 F - 2 potions of berserk rage {unknown}
 H - 3 potions of resistance
 I - a potion of ambrosia {unknown}
 J - a potion of cancellation {unknown}


   Skills:
 + Level 8.9 Fighting
 * Level 11.6 Axes
 + Level 8.9 Armour
 - Level 10.0 Shields


You had 9 spell levels left.
You didn't know any spells.
Your spell library contained the following spells:

 Spells                   Type           Power      Damage    Failure   Level
 Foxfire                  Conj/Fire      0%         2x1d4     100%        1
 Freeze                   Ice            0%         1d3       100%        1
 Summon Small Mammal      Summ           0%         N/A       100%        1
 Call Canine Familiar     Summ           0%         N/A       100%        3
 Conjure Flame            Conj/Fire      0%         6-21      100%        3
 Frozen Ramparts          Ice            0%         1d1       100%        3
 Inner Flame              Hex/Fire       0%         N/A       100%        3
 Summon Guardian Golem    Hex/Summ       0%         N/A       100%        3
 Flame Wave               Conj/Fire      0%         2d4       100%        4
 Hailstorm                Conj/Ice       0%         3d3       100%        4


Dungeon Overview and Level Annotations

Branches:
Dungeon (9/15)             Temple (0/1) D:5
   Lair: D:8-11         Orc: D:9-12

Altars:
Dithmenos
Fedhas
Gozag
Kikubaaqudgha
Makhleb
Nemelex Xobeh
Okawaru
Qazlal
Trog
Uskayaw
Vehumet
Wu Jian
Yredelemnul
The Shining One

Annotations:
D:9 3 runed translucent doors


Innate Abilities, Weirdness & Mutations

You have a pair of horns on your head.
You reflexively headbutt those who attack you in melee.


Message History

You hit the acid dragon but do no damage.
Your headbutt misses the acid dragon.
The acid dragon is almost dead.
The acid dragon spits acid at you. The splash of acid hits you.
You hit the acid dragon.
You kill the acid dragon!
Makhleb accepts your kill.
You feel better.
The two-headed ogre hits you with a +0 giant club!
The two-headed ogre barely misses you.
You barely miss the two-headed ogre.
Your headbutt misses the two-headed ogre.
You hit the two-headed ogre but do no damage.
The two-headed ogre hits you with a +0 giant club!!
You block the two-headed ogre's attack.
You hit the two-headed ogre but do no damage.
You headbutt the two-headed ogre.
The two-headed ogre is lightly wounded.
The two-headed ogre hits you with a +0 giant club!
The two-headed ogre closely misses you.
You hit the two-headed ogre.
The two-headed ogre is lightly wounded.
You hit the two-headed ogre but do no damage.
You headbutt the two-headed ogre!
The two-headed ogre is moderately wounded.
You block the two-headed ogre's attack. x2
You slash the two-headed ogre!
The two-headed ogre is moderately wounded.
You barely miss the two-headed ogre.
The two-headed ogre is moderately wounded.
The two-headed ogre hits you with a +0 giant club!!
* * * LOW HITPOINT WARNING * * *
You block the two-headed ogre's attack.
You closely miss the two-headed ogre. You headbutt the two-headed ogre!
The two-headed ogre is heavily wounded.
The two-headed ogre hits you with a +0 giant club!
* * * LOW HITPOINT WARNING * * *
The two-headed ogre hits you with a +0 giant spiked club.
You die...

##.# ...# # ## #### ... #######
.#.## ....>.. ...# ?#.!§# .######
#..# ##.#!#. .######## ..#
###.#.§.# ).[.....# #O# #.#...#..
.######.# #@# #.#?#.F.# .### ##.#
#.# ####.#..uuuu ...# #...
#.#####....###+++# ...# #<.#
#....#........##......
....##..########.#####.#.#.......
.......... #. #.#.#####.##
....##..# #. #.#.# #.# ...###..#
# #.#####.#.# #.## .....<..##....
.....##.#.# ###.[.


You could see a two-headed ogre.

Vanquished Creatures
  Erolcha (D:8)
  A troll (D:9)
  A wyvern (D:9)
  3 yaks (D:9)
  Grum (D:9)
  A steam dragon (D:9)
  An acid dragon (D:9)
  2 orc warriors
  2 ice beasts
  2 sky beasts
  4 wolves (D:9)
  4 ogres
  3 centaurs
  2 phantoms (D:5)
  A kobold brigand (D:8)
  A necrophage (D:6)
  2 scorpions
  3 wights (D:6)
  3 jellies
  3 orc priests
  4 hounds
  A gnoll bouda (D:8)
  5 iguanas
  2 orc wizards
  8 gnolls
  12 adders
  A shadow imp (D:6)
  A white imp (D:6)
  3 worms
  6 dart slugs
  16 orcs
  6 bats
  5 endoplasms
  4 giant cockroaches
  8 hobgoblins
  4 jackals
  12 kobolds
  6 quokkas
  12 ball pythons
  4 frilled lizards
  10 goblins
  7 rats
178 creatures vanquished.

Vanquished Creatures (others)
  6 plants (D:3)
6 creatures vanquished.

Grand Total: 184 creatures vanquished

Notes
Turn   | Place    | Note
-------+----------+-------------------------------------------
     0 | D:1      | Gumption the Minotaur Fighter began the quest for the Orb.
     0 | D:1      | Reached XP level 1. HP: 19/19 MP: 0/0
   131 | D:1      | Reached XP level 2. HP: 26/27 MP: 1/1
   185 | D:1      | Reached skill level 3 in Axes
   212 | D:1      | Found a faded altar of an unknown god.
   488 | D:1      | Reached XP level 3. HP: 33/33 MP: 2/2
  1174 | D:2      | Reached XP level 4. HP: 40/40 MP: 3/3
  1509 | D:3      | Reached skill level 4 in Axes
  1660 | D:3      | Found a hide-covered altar of Uskayaw.
  1837 | D:3      | Found an ancient bone altar of Kikubaaqudgha.
  1956 | D:3      | Found a burning altar of Makhleb.
  1961 | D:3      | Became a worshipper of Makhleb the Destroyer
  2033 | D:3      | Reached XP level 5. HP: 32/47 MP: 4/4
  2663 | D:4      | Reached skill level 5 in Axes
  2932 | D:4      | Reached XP level 6. HP: 39/55 MP: 5/5
  2936 | D:4      | Reached skill level 5 in Armour
  3032 | D:4      | Found a basalt altar of Yredelemnul.
  3041 | D:4      | Reached skill level 5 in Fighting
  3041 | D:4      | Reached skill level 5 in Shields
  3435 | D:5      | Entered Level 5 of the Dungeon
  3542 | D:5      | Noticed an ice beast
  3608 | D:5      | Found a blossoming altar of Fedhas.
  3618 | D:5      | Found a shadowy altar of Dithmenos.
  3635 | D:5      | Reached skill level 6 in Axes
  3676 | D:5      | Reached XP level 7. HP: 55/61 MP: 6/6
  3746 | D:5      | You fall into a shaft and drop 2 floors!
  3823 | D:6      | Reached skill level 7 in Axes
  3824 | D:6      | Reached * piety under Makhleb
  4024 | D:6      | Reached XP level 8. HP: 70/70 MP: 7/7
  4100 | D:6      | Found an ornate altar of the Wu Jian Council.
  4192 | D:6      | Reached skill level 8 in Axes
  4420 | D:5      | Found a staircase to the Ecumenical Temple.
  4702 | D:5      | Found an iron altar of Okawaru.
  4837 | D:5      | Found a stormy altar of Qazlal.
  4920 | D:5      | Found a bloodstained altar of Trog.
  5073 | D:6      | Found a glowing golden altar of the Shining One.
  5605 | D:7      | Found a sparkling altar of Nemelex Xobeh.
  5656 | D:7      | Found an opulent altar of Gozag.
  5871 | D:7      | Identified the +1 robe of the Desert {rPois Will- rCorr
                  | Str+5}
  6170 | D:7      | Identified the +2 leather armour of the Soldier {rElec
                  | Will+ MP-9}
  6393 | D:7      | Reached skill level 9 in Axes
  6530 | D:8      | Reached ** piety under Makhleb
  6606 | D:8      | Reached XP level 9. HP: 25/79 MP: 8/8
  7294 | D:9      | Found a radiant altar of Vehumet.
  7574 | D:9      | Noticed Erolcha
  7590 | D:8      | Killed Erolcha
  7591 | D:8      | Reached skill level 10 in Axes
  7963 | D:9      | Noticed Grum
  7979 | D:9      | Killed Grum
  7994 | D:9      | Reached skill level 11 in Axes
  8088 | D:9      | Noticed a troll
  8095 | D:9      | Killed a troll
  8096 | D:9      | Reached skill level 10 in Shields
  8096 | D:9      | Reached XP level 10. HP: 79/90 MP: 9/9
  8398 | D:9      | Found a runed translucent gate.
  8398 | D:9      | Found a runed translucent gate.
  8399 | D:9      | Found a runed translucent gate.
  8399 | D:9      | Noticed a green ugly thing
  8399 | D:9      | Noticed a red ugly thing
  8400 | D:9      | Noticed a purple ugly thing
  8400 | D:9      | Noticed a green ugly thing
  8400 | D:9      | Noticed a lindwurm
  8402 | D:9      | Noticed a green ugly thing
  8405 | D:9      | a lindwurm changed into a jumping spider
  8472 | D:9      | Noticed a two-headed ogre
  8486 | D:9      | HP: 1/90 [two-headed ogre/+0 giant club (10)]
  8486 | D:9      | Slain by a two-headed ogre

Illustrated notes

Levels and vault maps discovered:
D:1:      evilmike_arrival_crescent, layout_basic,
          hellmonk_ecumenical_altar_lost_god
D:2:      minmay_inner_zag, layout_loops_cross, basic_altar, minivault_23,
          uniq_sigmund
D:3:      layout_loops_ring, kiku_gazebo_pond_becter, lightli_temple_of_fire,
          eat_drink_and_be_merry_uskayaw, serial_bayou, serial_bayou_crossing,
          serial_bayou_pond_e, serial_bayou_shore_a, serial_bayou_ford_a,
          kennysheep_generic_room_15
D:4:      layout_rooms, lemuel_crystal_altar, chequers_serial_rivers_small_b
D:5:      layout_basic, nicolae_dithmenos_the_darkroom,
          mainiacjoe_overflow_brackets, mainiacjoe_overflow_alcove_2,
          mainiacjoe_overflow_surrounded_room, kennysheep_mini, temple_green,
          minmay_manual_monstrance
D:6:      layout_rooms, nicolae_wu_jian_wuxing_cycle,
          nicolae_overflow_hidden_temple, roderic_lattice_a,
          minmay_increasing_density
D:7:      layout_basic, nemelex_diamond_rough_becter, lemuel_doored_altar,
          enter_bailey_5
D:8:      layout_basic
D:9:      layout_loops_ring, mainiacjoe_overflow_catwalk, david_orc_5,
          ploomutoo_gammafunk_ghost_potion_laboratory, uniq_grum, uniq_erolcha

Skill      XL: |  1  2  3  4  5  6  7  8  9 |
---------------+----------------------------+-----
Axes           | 3 4 5 6 7 9 11 | 11.6
Fighting       | 4 5 6 7 8 |  8.9
Armour         | 4 5 6 7 8 |  8.9
Shields        | 4 5 6 7 10 | 10.0

Action                   |  1- 3 |  4- 6 |  7- 9 | 10-12 || total
-------------------------+-------+-------+-------+-------++-------
Melee: War axe           |    85 |   119 |   259 |    36 ||   499
       Headbutt          |    16 |    18 |    47 |    11 ||    92
Throw: Boomerang         |       |       |     4 |       ||     4
  Use: Scroll            |       |     5 |     7 |       ||    12
       Potion            |       |       |     3 |       ||     3
Armor: Scale mail        |    13 |       |       |       ||    13
       Chain mail        |    26 |    74 |   114 |       ||   214
       Plate armour      |       |       |    23 |    17 ||    40
Dodge: Dodged            |    36 |    45 |    85 |    10 ||   176
Block: Buckler           |    18 |    20 |    63 |    13 ||   114
